 Dungeon Crawl Stone Soup version 0.29-a0-275-g389c0b56f3 (webtiles) character file.

Game seed: 9759453390675643490

11983 Leszczynek the Grappler (level 11, -7/115 HPs)
             Began as a Troll Delver on Mar 9, 2022.
             Was a High Priest of Cheibriados.
             Killed by divine providence
             ... invoked by an orc priest
              (11 damage)
             ... on level 1 of the Orcish Mines.
             The game lasted 00:24:56 (3700 turns).

Leszczynek the Grappler (Troll Delver)              Turns: 3700, Time: 00:24:56

Health: -7/115     AC: 11    Str: 41    XL:     11   Next: 56%
Magic:  15/15      EV: 12    Int: 17    God:    Cheibriados [*****.]
Gold:   410        SH:  0    Dex: 24    Spells: 10/10 levels left

rFire   . . .      SeeInvis .     - Unarmed
rCold   . . .      Faith    .   (no shield)
rNeg    . . .      Spirit   .   d - +0 acid dragon scales
rPois   .          Reflect  .   (helmet restricted)
rElec   .          Harm     .   r - +2 cloak
rCorr   +          Rampage  .   (gloves unavailable)
Will    +....                   (boots unavailable)
Stlth   +.........              (no amulet)
HPRegen 1.09/turn               o - +6 ring of strength
MPRegen 0.14/turn               t - ring of willpower

@: confused, lethally poisoned (-7 -> -8), ambrosia-drunk, marked, very slow
A: large, unfitting armour, claws 3, regeneration 1, shaggy fur 1, tough skin 1
a: Renounce Religion, Bend Time, Temporal Distortion, Slouch, Step From Time


You were on level 1 of the Orcish Mines.
You worshipped Cheibriados.
Cheibriados was extremely pleased with you.
You visited 3 branches of the dungeon, and saw 11 of its levels.
You also visited: Bailey.

You collected 577 gold pieces.
You spent 167 gold pieces at shops.

Inventory:

Hand Weapons
 a - a +3 shortbow
Missiles
 m - 2 javelins
Armour
 d - +0 acid dragon scales (worn)
 e - a +0 tower shield
 r - a +2 cloak (worn)
Jewellery
 i - a ring of protection from cold
 o - a +6 ring of strength (left claw)
 t - a ring of willpower (right claw)
 x - a ring of positive energy
 z - a +6 ring of strength
Wands
 f - a wand of digging (3)
 g - a wand of acid (5)
 j - a wand of paralysis (10)
 u - a wand of flame (16)
Scrolls
 b - a scroll of fog
 c - 2 scrolls of magic mapping
 h - a scroll of holy word {!r}
 l - 2 scrolls of teleportation
 p - 3 scrolls of vulnerability {!r}
 q - a scroll of enchant armour
 s - a scroll of silence {!r}
 w - a scroll of blinking
 y - a scroll of amnesia {unknown}
Potions
 k - 4 potions of curing {@q1}
 n - a potion of mutation {!q}
 v - a potion of ambrosia


   Skills:
 * Level 9.3 Fighting
 - Level 4.1 Dodging
 - Level 2.7 Stealth
 - Level 12.2 Unarmed Combat
 + Level 7.5 Invocations


You had 10 spell levels left.
You didn't know any spells.
Your spell library contained the following spells:

 Spells                   Type           Power      Damage    Failure   Level
 Freeze                   Ice            0%         1d3       26%         1
 Corpse Rot               Necr/Air       0%         N/A       38%         2
 Frozen Ramparts          Ice            0%         1d2       63%         3
 Dispel Undead            Necr           0%         3d6       95%         4
 Hailstorm                Conj/Ice       0%         3d3       95%         4
 Death Channel            Necr           0%         N/A       100%        6


Dungeon Overview and Level Annotations

Branches:
Dungeon (10/15)            Temple (1/1) D:5            Lair (0/6) D:10
    Orc (2/2) D:10         Bailey (visited)
    Elf: Orc:2

Altars:
Ashenzari
Cheibriados
Dithmenos
Fedhas
Gozag
Hepliaklqana
Kikubaaqudgha
Makhleb
Nemelex Xobeh
Qazlal
Ru
Sif Muna
Trog
Vehumet
Wu Jian
Xom
Yredelemnul
Zin
The Shining One

Shops:
D:5 ?   D:6 !   D:8 :   D:9 *

Annotations:
D:3 Sigmund
D:9 exclusion: obsidian statue


Innate Abilities, Weirdness & Mutations

You are too large for most types of armour.
You have claws for hands.
Your natural rate of healing is unusually fast.
You are covered in fur. (AC +1)
You have tough skin. (AC +1)


Message History

You feel very sick.
The troll pulls the alarm!
The alarm trap emits a blaring wail!
A sentinel's mark forms upon you.
You hear a shout! x9; You hear a howl!
You hear a shout! x2
You hear two shouts!
There is a stone staircase leading down here.
Okay, then.
Activating: Slouch (8% risk of failure)
Press: ? - help, Dir - look around, f - activate You fail to use your ability.
You feel sick. The troll bites you! The troll claws you! The troll claws you.
* * * LOW HITPOINT WARNING * * *
The orc priest barely misses you.
Unknown command.
Unknown command.
Unknown command.
Unknown command.
Unknown command.
Unknown command.
You are confused.
You feel invigorated.
You feel sick. The troll bites you.
* * * LOW HITPOINT WARNING * * *
The troll claws you but does no damage. The troll completely misses you.
You closely miss the troll. The troll closely misses you. The troll claws you.
* * * LOW HITPOINT WARNING * * *
The troll claws you but does no damage.
The orc priest mumbles some strange prayers to Beogh against you.
Beogh smites you!
* * * LOW HITPOINT WARNING * * *
The orc priest mumbles some strange prayers to Beogh against you.
Beogh smites you!
* * * LOW HITPOINT WARNING * * *
Unknown command.
You scratch the troll but do no damage.
You feel sick. The troll bites you but does no damage. The troll misses you.
The troll claws you but does no damage.
The orc priest calls down the wrath of Beogh upon you.
Beogh smites you!
You die...

# ### .##
#.##..#
###o#.$.#
##@To....#
#..oo....#..
##...)......
#....###.....
#....... ....
##.$....# ...
#######.....
##.#.###......
##.....###.....


You could see a troll, an orc warrior and 3 orc priests.

Vanquished Creatures
  2 two-headed ogres (D:9)
  Maurice (D:8)
  A troll (Orc:1)
  31 yaks
  A wraith (D:10)
  A hog (shapeshifter) (D:9)
  4 wyverns
  3 vampire mosquitoes (D:7)
  A basilisk (D:9)
  An acid dragon (D:9)
  4 water moccasins
  7 orc warriors
  A sky beast (D:8)
  2 ice beasts
  An ogre (D:6)
  2 centaurs
  A phantom (D:6)
  A kobold brigand (D:9)
  2 bullfrogs
  6 necrophages
  A gnoll sergeant (D:6)
  3 scorpions (D:5)
  25 killer bees
  3 howler monkeys (D:10)
  A jelly (D:4)
  2 hounds
  5 orc priests
  Crazy Yiuf (D:6)
  2 iguanas
  5 orc wizards
  A gnoll (D:4)
  11 adders
  An ufetubus (D:7)
  59 orcs
  An endoplasm (D:4)
  3 giant cockroaches (D:4)
  7 goblins
  8 kobolds
212 creatures vanquished.

Vanquished Creatures (others)
  4 fungi (D:10)
  14 plants (D:10)
18 creatures vanquished.

Grand Total: 230 creatures vanquished

Notes
Turn   | Place    | Note
-------+----------+-------------------------------------------
     0 | D:5      | Leszczynek the Troll Delver began the quest for the Orb.
     0 | D:5      | Reached XP level 1. HP: 22/22 MP: 0/0
     2 | D:5      | Found Qymustrekku's Magic Scroll Boutique.
    49 | D:3      | Noticed Sigmund
    55 | D:4      | Reached skill level 3 in Unarmed Combat
    55 | D:4      | Reached XP level 2. HP: 24/29 MP: 1/1
   199 | D:4      | Reached skill level 4 in Unarmed Combat
   199 | D:4      | Reached XP level 3. HP: 30/36 MP: 2/2
   231 | D:4      | Reached XP level 4. HP: 44/44 MP: 3/3
   333 | D:5      | Noticed a scorpion
   338 | D:5      | Killed a scorpion
   339 | D:5      | Reached skill level 5 in Unarmed Combat
   339 | D:5      | Reached XP level 5. HP: 24/50 MP: 4/4
   369 | D:5      | Reached skill level 6 in Unarmed Combat
   384 | D:5      | Noticed a centaur
   393 | D:5      | Killed a centaur
   394 | D:5      | Reached skill level 3 in Fighting
   394 | D:5      | Reached XP level 6. HP: 48/61 MP: 5/5
   475 | D:5      | Reached skill level 4 in Fighting
   557 | D:6      | Ouch! That really hurt!
   559 | D:6      | Reached XP level 7. HP: 35/71 MP: 6/6
   566 | D:6      | Reached skill level 5 in Fighting
   654 | D:5      | Bought a scroll of identify for 20 gold pieces
   654 | D:5      | Bought a scroll of identify for 20 gold pieces
   654 | D:5      | Bought a scroll of identify for 20 gold pieces
   654 | D:5      | Bought a scroll of identify for 20 gold pieces
   654 | D:5      | Bought a scroll of identify for 20 gold pieces
   707 | D:6      | Found Zitzuxt's Distillery.
   874 | D:7      | Noticed a vampire mosquito
   875 | D:7      | Noticed a vampire mosquito
   889 | D:7      | Killed a vampire mosquito
   890 | D:7      | Reached skill level 7 in Unarmed Combat
   934 | D:7      | Noticed a vampire mosquito
   944 | D:7      | Killed a vampire mosquito
   945 | D:7      | Reached XP level 8. HP: 80/80 MP: 7/7
   972 | D:7      | Reached skill level 8 in Unarmed Combat
  1039 | D:6      | Found a runed translucent door.
  1040 | D:6      | Noticed Crazy Yiuf
  1046 | D:6      | Killed Crazy Yiuf
  1076 | D:7      | Reached skill level 9 in Unarmed Combat
  1186 | D:6      | Reached skill level 10 in Unarmed Combat
  1707 | D:5      | Reached skill level 6 in Fighting
  1707 | D:5      | Reached XP level 9. HP: 89/89 MP: 8/8
  1749 | D:5      | Found a staircase to the Ecumenical Temple.
  1752 | D:5      | here
  1752 | D:5      | speedrun btw
  1758 | Temple   | Entered the Ecumenical Temple
  1875 | Temple   | Became a worshipper of Cheibriados the Contemplative
  2093 | D:8      | Found Fufon's Self-Improvement Boutique.
  2094 | D:8      | Noticed Maurice
  2105 | D:8      | Killed Maurice
  2106 | D:8      | Reached skill level 7 in Fighting
  2235 | D:8      | Reached * piety under Cheibriados
  2273 | D:8      | Reached skill level 1 in Invocations
  2308 | D:8      | Reached skill level 2 in Invocations
  2431 | D:9      | Found Deatefop's Assorted Antiques.
  2433 | D:9      | Bought 2 fizzy golden potions for 43 gold pieces
  2433 | D:9      | Bought a scroll labelled LONTYU JAPO for 24 gold pieces
  2443 | D:9      | Noticed an obsidian statue
  2549 | D:8      | Found a flagged portal.
  2556 | D:8      | Reached skill level 3 in Invocations
  2564 | Bailey   | Entered a bailey
  2575 | D:8      | no
  2631 | D:9      | Reached skill level 4 in Invocations
  2652 | D:8      | Reached ** piety under Cheibriados
  2653 | D:8      | Reached skill level 5 in Invocations
  2695 | D:9      | Reached XP level 10. HP: 95/102 MP: 13/13
  2769 | D:9      | Reached skill level 6 in Invocations
  2825 | D:9      | Noticed a two-headed ogre
  2858 | D:9      | Killed a two-headed ogre
  2859 | D:9      | Reached skill level 7 in Invocations
  2961 | D:10     | Entered Level 10 of the Dungeon
  3013 | D:9      | Reached skill level 8 in Fighting
  3110 | D:9      | Noticed a two-headed ogre
  3119 | D:9      | Killed a two-headed ogre
  3120 | D:9      | Reached skill level 9 in Fighting
  3224 | D:10     | Reached skill level 2 in Dodging
  3241 | D:10     | Reached *** piety under Cheibriados
  3246 | D:10     | Reached XP level 11. HP: 83/115 MP: 15/15
  3258 | D:10     | Reached skill level 3 in Dodging
  3263 | D:10     | Reached skill level 11 in Unarmed Combat
  3382 | D:10     | Reached **** piety under Cheibriados
  3388 | D:10     | Reached skill level 4 in Dodging
  3412 | D:10     | Found a staircase to the Lair.
  3508 | D:10     | Reached skill level 12 in Unarmed Combat
  3569 | D:10     | Found a staircase to the Orcish Mines.
  3588 | Orc:1    | Entered Level 1 of the Orcish Mines
  3616 | Orc:2    | Entered Level 2 of the Orcish Mines
  3690 | Orc:1    | Reached ***** piety under Cheibriados
  3699 | Orc:1    | HP: 11/115 [orc priest/divine providence (16)]
  3699 | Orc:1    | HP: 1/115 [orc priest/divine providence (10)]
  3700 | Orc:1    | Killed from afar by an orc priest

Illustrated notes ≈≈≈#####§§≈# ≈≈§#...#§§≈# #§§§#.>.#≈≈≈# #≈§§#...#≈§≈# ≈≈§##.##≈≈≈ §§#.#§≈§ §§#.#§≈§ §§#@#§§ ###.### ##### #.# ##.... #.# ##..... #.# #...... #.# #..>... #.##########...... #....>....##...... #####.....##<..).. Turn 1752 on D:5: here

.......#.............#
#.......#.............#
#.......#.............#
#.......#.............
.##....<..#............
..........#...........
..........#...........
......................
........@≈≈≈≈≈≈≈..####
##......≈#####≈..#
#......†#.).#≈..#
######.≈))).#≈.##
#......≈#...#≈.#
.......≈##### .......≈≈
.....(.... #.......#..


Turn 2575 on D:8: no

Levels and vault maps discovered:
D:3:      layout_rooms, lemuel_crystal_altar, uniq_terence, uniq_sigmund
D:4:      minmay_skewed_foursquare, layout_loops_ring, uniq_grinder
D:5:      layout_rooms, minmay_temple_entry_poolview, serial_shops,
          nicolae_square_shop
D:6:      kennysheep_spiral_hall, layout_loops_ring, serial_shops,
          nicolae_shop_stone, uniq_crazy_yiuf_cottage
D:7:      layout_basic, uniq_maggie
D:8:      layout_gridville, enter_bailey_3, special_room [special_room_orc],
          nicolae_shop_self_help, uniq_maurice
D:9:      layout_gridville, serial_shops, shop, minmay_statue_bubble
D:10:     layout_rooms, minmay_lair_entry_grove, david_orc_2
Temple:   minmay_crystal_snake_temple
Orc:1:    layout_diamond_mine, uniq_harold
Orc:2:    st_orc_mages, layout_diamond_mine, basic_altar, uniq_donald

Skill      XL: |  1  2  3  4  5  6  7  8  9 10 11 |
---------------+----------------------------------+-----
Unarmed Combat | 3 4 5 6 7 10 12 | 12.2
Fighting       | 3 4 5 6 7 9 |  9.3
Invocations    | 5 7 |  7.5
Dodging        | 2 4 |  4.1
Stealth        | |  2.7

Action                   |  1- 3 |  4- 6 |  7- 9 | 10-12 || total
-------------------------+-------+-------+-------+-------++-------
Melee: Unarmed           |    45 |    56 |   261 |   265 ||   627
       Punch             |       |     3 |    18 |    13 ||    34
 Fire: Shortbow          |       |       |       |     7 ||     7
Invok: Bend Time         |       |       |       |     4 ||     4
Evoke: Wand              |       |       |       |     2 ||     2
  Use: Scroll            |       |       |    10 |     5 ||    15
       Potion            |       |       |     1 |     3 ||     4
 Stab: Distracted        |     1 |       |       |       ||     1
       Sleeping          |       |     3 |     6 |       ||     9
       Invisible         |       |       |       |     3 ||     3
Armor: Robe              |    15 |    17 |    54 |     8 ||    94
       Acid dragon scale |       |       |       |   134 ||   134
Dodge: Dodged            |    12 |    13 |   102 |   173 ||   300

Table legend: (Time is in decaauts)
 A = Elapsed time spent in this place.
 B = Non-inter-level travel time spent in this place.
 C = Inter-level travel time spent in this place.
 D = Time resting spent in this place.
 E = Time spent auto-exploring this place.
 F = Levels seen in this place.
 G = Mean time per level.
                   A        B        C        D        E       F      G
               +--------+--------+--------+--------+--------+-----+--------+
         Total |   4146 |   3753 |    393 |     42 |      0 |  12 |  345.5 |
       Dungeon |   3760 |   3476 |    284 |     42 |      0 |   8 |  470.0 |
        Temple |    223 |    119 |    104 |      0 |      0 |   1 |  223.0 |
  Orcish Mines |    159 |    155 |      4 |      0 |      0 |   2 |   79.5 |
        Bailey |      3 |      3 |      0 |      0 |      0 |   1 |    3.0 |
               +--------+--------+--------+--------+--------+-----+--------+

Top non-repeatable levels by time:
     D:9: 761 daAuts
     D:6: 656 daAuts
     D:8: 617 daAuts
    D:10: 535 daAuts
     D:5: 460 daAuts
     D:7: 390 daAuts
     D:4: 336 daAuts
  Temple: 223 daAuts
   Orc:2: 93 daAuts
   Orc:1: 66 daAuts
  Bailey: 3 daAuts
     D:3: 2 daAuts
